 Dungeon Crawl Stone Soup version 0.31-a0-232-gb1c03b2570 (webtiles) character file.

Game seed: 13443794955351657547

240 qw the Shooter (level 6, 0/37 HPs)
             Began as a Gargoyle Hexslinger on July 7, 2023.
             Was an Initiate of Okawaru.
             Slain by an orc
             ... wielding a +0 short sword
              (2 damage)
             ... on level 5 of the Dungeon.
             The game lasted 00:01:10 (2742 turns).

qw the Shooter (Gargoyle Hexslinger)                Turns: 2742, Time: 00:01:10

Health: 0/37       AC:  9    Str: 17    XL:     6   Next: 8%
Magic:  7/7        EV: 11    Int: 14    God:    Okawaru [......]
Gold:   243        SH:  0    Dex: 14    Spells: 6/7 levels left

rFire   . . .        Y - +1 sling
rCold   . . .        (no shield)
rNeg    + . .        a - +0 ring mail
rPois   inf          (no helmet)
rElec   +            (no cloak)
rCorr   .            (no gloves)
SInv    +            (no boots)
Will    .....        (no amulet)
Stlth   +            e - ring of see invisible
HPRegen 0.26/turn    b - +6 ring of strength
MPRegen 0.10/turn

%: no passive effects
@: brilliant, about to teleport
A: sickness immunity, AC +4, negative energy resistance 1, electricity
resistance, torment resistance 1, petrification resistance
a: Renounce Religion


You were on level 5 of the Dungeon.
You worshipped Okawaru.
Okawaru was noncommittal.
You visited 2 branches of the dungeon, and saw 6 of its levels.

You collected 243 gold pieces.


Innate Abilities, Weirdness & Mutations

You are immune to sickness and miasma.
Your stone body is resilient. (AC +4)
You are immune to poison.
You resist negative energy. (rN+)
You are resistant to electric shocks. (rElec)
You are resistant to unholy torment.
You are immune to petrification.


   Skills:
 - Level 3.2 Fighting
 + Level 5.2 Ranged Weapons
 - Level 1.2 Armour
 - Level 1.5 Dodging
 - Level 1.0 Spellcasting
 - Level 2.6 Hexes


You had 6 spell levels left.
You knew the following spells:

 Your Spells              Type           Power      Damage    Failure   Level
a - Slow                  Hex            48%        N/A       16%         1

Your spell library contained the following spells:

 Spells                   Type           Power      Damage    Failure   Level
 Inner Flame              Hex/Fire       6%         N/A       63%         3
 Portal Projectile        Hex/Tloc       12%        N/A       63%         3
 Cause Fear               Hex            6%         N/A       85%         4

Inventory:

Hand Weapons
 Y - a +1 sling (weapon)
Armour
 a - a +0 ring mail (worn)
Jewellery
 b - a +6 ring of strength (right hand)
 e - a ring of see invisible (left hand)
 g - a ring of ice
 h - a ring of see invisible
Scrolls
 m - a scroll of identify
Potions
 d - a potion of attraction {unknown}
 f - a potion of haste {unknown}
 i - a potion of might {unknown}
 j - a potion of cancellation {unknown}
 l - a potion of curing {unknown}

Dungeon Overview and Level Annotations

Branches:
Dungeon (5/15)             Temple (1/1) D:4

Altars:
Ashenzari
Cheibriados
Dithmenos
Gozag
Hepliaklqana
Makhleb
Nemelex Xobeh
Okawaru
Qazlal
Ru
Trog
Uskayaw
Vehumet
The Shining One

Shops:
D:3 =

Annotations:
D:4 1 runed translucent door, qw's ghost, amateur MiHs


Message History

The orc completely misses you. The orc hits you with a +0 short sword.
The orc barely misses you. The orc hits you but does no damage.
The orc barely misses you. The gnoll sergeant closely misses you.
A gnoll comes into view. It is wielding a +0 club.
You shoot a sling bullet.
The sling bullet closely misses the orc.
The hound barks!
The gnoll shouts! x2
You hear an angry hiss.
The orc hits you but does no damage. The gnoll sergeant closely misses you.
The orc misses you. The orc barely misses you.
You shoot a sling bullet. The sling bullet hits the orc!
You kill the orc!
Okawaru accepts your kill.
The orc wizard hits you but does no damage.
The orc closely misses you. The gnoll sergeant barely misses you.
The orc hits you with a +0 short sword.
You shoot a sling bullet.
The sling bullet closely misses the orc wizard.
The sling bullet hits the hound!
The hound is heavily wounded.
The orc wizard closely misses you. The orc barely misses you.
The gnoll sergeant hits you from afar with a +2 trident of venom!
The orc hits you with a +0 short sword.
You shoot a sling bullet.
The sling bullet closely misses the hound.
The orc wizard hits you but does no damage.
The orc closely misses you.
The gnoll sergeant hits you from afar with a +2 trident of venom.
The hound bites you but does no damage. The orc hits you but does no damage.
An adder comes into view.
The orc hits you with a +0 short sword. The orc misses you.
The gnoll sergeant hits you from afar with a +2 trident of venom.
The orc wizard hits you with a +0 dagger.
The hound bites you.
2742 ||| READING scroll of teleportation.
As you read the scroll of teleportation, it crumbles to dust.
You feel strangely unstable.
The gnoll shouts!
The hound bites you but does no damage. The orc hits you with a +0 short sword.
You die...

..#............
....$...(...?..
###.....S......
.............
...........##
#.........#
..###..ooh..#
#.....o@#
###...<.#
#.##g## ..


gg# . .gg# ...g. #..#.. #..... #.....g You could see a gnoll sergeant, a hound,
an orc wizard (invisible), 5 gnolls, an adder and 2 orcs.

Vanquished Creatures
  2 scorpions (D:4)
  3 gnolls (D:2)
  3 adders
  A worm (D:3)
  2 dart slugs
  2 orcs
  5 endoplasms
  4 giant cockroaches
  4 goblins
  7 hobgoblins
  5 jackals
  4 kobolds
  3 quokkas
  4 ball pythons
  2 bats
  A frilled lizard (D:1)
  4 rats
56 creatures vanquished.

Notes
Turn   | Place    | Note
-------+----------+-------------------------------------------
     0 | D:1      | qw the Gargoyle Hexslinger began the quest for the Orb.
     0 | D:1      | Reached XP level 1. HP: 12/12 MP: 2/2
     0 | D:1      | 0 ||| qw: Version: 0.3-a-46-gb1f654a
     0 | D:1      | 0 ||| qw: Game counter: 2234
     0 | D:1      | 0 ||| qw: Melee chars always use a shield: true
     0 | D:1      | 0 ||| qw: God list: Okawaru
     0 | D:1      | 0 ||| qw: Allow faded altars: false
     0 | D:1      | 0 ||| qw: Do Orc after clearing Dungeon:15 true
     0 | D:1      | 0 ||| qw: Do second Lair branch before Depths: true
     0 | D:1      | 0 ||| qw: Lair rune preference: random
     0 | D:1      | 0 ||| qw: Goals: Normal
     0 | D:1      | 0 ||| PLANNING D:1-11
   154 | D:1      | Reached XP level 2. HP: 16/16 MP: 3/3
   214 | D:1      | Reached skill level 3 in Ranged Weapons
   697 | D:1      | 697 ||| UPGRADING to ring of see invisible.
   698 | D:1      | 698 ||| READING scroll labelled OFFOAJ FAXTUJI.
   699 | D:1      | 699 ||| READING scroll labelled PETSAN PIBODUTOLENG.
   700 | D:1      | 700 ||| READING scroll labelled ROUZA ZOUNWERCHU.
   701 | D:1      | 701 ||| DROPPING scroll of poison.
   723 | D:2      | Found a broken altar of Ashenzari.
   735 | D:2      | Reached XP level 3. HP: 20/21 MP: 4/4
   976 | D:2      | Reached XP level 4. HP: 17/26 MP: 5/5
   978 | D:2      | Reached skill level 4 in Ranged Weapons
  1234 | D:2      | 1234 ||| UPGRADING to +0 ring mail.
  1244 | D:2      | 1244 ||| DROPPING +0 robe.
  1245 | D:2      | 1245 ||| UPGRADING to +6 ring of strength.
  1246 | D:2      | 1246 ||| READING scroll labelled RIOQI XUISOYLU.
  1247 | D:2      | 1247 ||| READING scroll labelled TOUJ QITIWK.
  1378 | D:3      | Found a bloodstained altar of Trog.
  1616 | D:3      | Found Mouv's Jewellery Shop.
  1629 | D:3      | Reached skill level 1 in Armour
  1636 | D:3      | 1636 ||| SHOPLISTING amulet of regeneration (300 gold, have
                  | 157).
  1636 | D:3      | 1636 ||| SHOPLISTING ring of fire (250 gold, have 157).
  1636 | D:3      | 1636 ||| SHOPLISTING ring of ice (250 gold, have 157).
  1636 | D:3      | 1636 ||| SHOPLISTING ring of protection from cold (250
                  | gold, have 157).
  1636 | D:3      | 1636 ||| SHOPLISTING ring of protection from fire (250
                  | gold, have 157).
  1636 | D:3      | 1636 ||| SHOPLISTING ring of willpower (250 gold, have
                  | 157).
  1771 | D:3      | 1771 ||| FLEEEEING.
  1772 | D:3      | 1772 ||| FLEEEEING.
  1774 | D:3      | 1774 ||| FLEEEEING.
  2059 | D:3      | 2059 ||| READING scroll labelled WATHAETUEW.
  2060 | D:3      | 2060 ||| READING scroll labelled XIUBOU RAGGO.
  2061 | D:3      | 2061 ||| READING 3 scrolls labelled EMAGRA WIBLI.
  2062 | D:3      | 2062 ||| DROPPING 2 scrolls of vulnerability.
  2109 | D:4      | Found a staircase to the Ecumenical Temple.
  2110 | D:4      | 2110 ||| PLANNING TEMPLE
  2118 | Temple   | Entered the Ecumenical Temple
  2201 | Temple   | 2201 ||| PLANNING OKAWARU WORSHIP
  2287 | Temple   | Became a worshipper of Warmaster Okawaru
  2288 | Temple   | 2288 ||| PLANNING D:1-11
  2392 | D:4      | Reached XP level 5. HP: 30/30 MP: 6/6
  2436 | D:4      | Reached skill level 5 in Ranged Weapons
  2515 | D:4      | Found a runed translucent door.
  2515 | D:4      | Noticed qw's ghost (amateur MiHs)
  2585 | D:4      | Reached skill level 3 in Fighting
  2585 | D:4      | Reached XP level 6. HP: 27/37 MP: 7/7
  2715 | D:4      | 2715 ||| DRINKING 2 murky inky potions.
  2716 | D:4      | 2716 ||| DROPPING potion of brilliance.
  2731 | D:5      | Entered Level 5 of the Dungeon
  2733 | D:5      | 2733 ||| Stepping ~*~*~tactically~*~*~ (outnumbered).
  2741 | D:5      | HP: 9/37 [orc/+0 short sword (3)]
  2741 | D:5      | HP: 4/37 [gnoll sergeant/+2 trident of venom (5)]
  2742 | D:5      | 2742 ||| READING scroll of teleportation.
  2742 | D:5      | Slain by an orc

Levels and vault maps discovered:
D:1:      dpeg_arrival_pits, layout_basic
D:2:      layout_basic, basic_altar
D:3:      layout_loops_ring, mainiacjoe_overflow_concentric_impassable,
          serial_shops, shop, nrook_mini_backslash
D:4:      layout_rooms, minmay_temple_entry_waves, gammafunk_ghost_grave
D:5:      layout_cave_pools, jmf_multi_god_temple2
Temple:   hellmonk_temple_forest_ring

Skill      XL: |  1  2  3  4  5 |
---------------+----------------+-----
Ranged Weapons | 3 4 5 |  5.2
Fighting       | 2 3 |  3.2
Armour         | 1 |  1.2
Dodging        | |  1.5
Spellcasting   | |  1.0
Hexes          | |  2.6

Action                     |  1- 3 |  4- 6 || total
---------------------------+-------+-------++-------
   Fire: Sling             |   104 |   164 ||   268
    Use: Scroll            |     3 |     6 ||     9
         Potion            |       |     1 ||     1
 Armour: Robe              |    27 |     9 ||    36
         Ring mail         |       |    48 ||    48
  Dodge: Dodged            |    32 |    75 ||   107

Table legend:
 A = Non-vault XP
 B = Vault XP
 C = Vault XP percentage of total XP
 D = Non-vault monster count
 E = Vault monster count
 F = Vault count percentage of total count
                 A         B        C        D         E       F
            +---------+---------+-------+---------+---------+-------
      Total |     344 |       0 |   0.0 |      56 |       0 |   0.0
            +---------+---------+-------+---------+---------+-------
        D:1 |      32 |       0 |   0.0 |      17 |       0 |   0.0
        D:2 |      81 |       0 |   0.0 |      18 |       0 |   0.0
        D:3 |      34 |       0 |   0.0 |      11 |       0 |   0.0
        D:4 |     194 |       0 |   0.0 |       9 |       0 |   0.0
        D:5 |       3 |       0 |   0.0 |       1 |       0 |   0.0
            +---------+---------+-------+---------+---------+-------
